Construct Infanterie Kompanie
Infanterie Officer Quarters
Selects Mechanized Battlegroup
Construct Panzergrenadier Kompanie
Pak 40 Anti-tank Gun Team
Selects StuG Assault Group
Pak 40 Anti-tank Gun Team
Selects UNKNOWN (2160084)
Construct Panzer Kompanie
Selects Mobile Repair Stations
Selects Wespe Self-propelled Artillery
Selects Mechanized Assault
Wespe Self-propelled Artillery
Panzergrenadier Officer Quarters